[Event "Romanian Women Championship 2024"]
[Site "Eforie Nord"]
[Date "2024.02.26"]
[Round "3.9"]
[White "Petculescu, Diana-Silvana"]
[Black "Ardelean, Lorela-Daniela"]
[Result "0-1"]
[ECO "B01"]
[WhiteElo "1556"]
[BlackElo "1802"]
[Annotator "NA RC"]
[PlyCount "104"]
[EventDate "2024.02.24"]
[EventType "swiss"]
[EventCountry "ROU"]
[SourceTitle "playchess.com"]
[Source "ChessBase"]
[SourceQuality "1"]
[TimeControl "40/5400+30:900+30"]

1. e4 d5 2. exd5 Qxd5 3. Nc3 Qd6 4. d4 c6 5. Nf3 Bg4 6. Be3 Nd7 7. h3 Bh5 8. g4 Bg6 9. Qd2 Ngf6 10. O-O-O e6 11. Bf4 Qb4 12. a3 Qb6 13. Ne5 Be7 14. Bg2 O-O-O 15. Nc4 Qa6 16. Bf1 b5 17. Nd6+ Bxd6 18. Bxd6 Ne4 19. Nxe4 Bxe4 20. Rg1 Nb6 21. Qf4 Bg6 22. Qe5 Rhe8 23. Bb4 f6 24. Qe1 Nd5 25. Bg2 e5 26. Bxd5 Rxd5 27. Qc3 Qb6 28. Ba5 exd4 29. Rxd4 Rxd4 30. Bxb6 Rc4 31. Qxc4 bxc4 32. Be3 a6 33. Rd1 Be4 34. Rd4 Bd5 35. Kd2 Re5 36. f4 Re8 37. Ke2 h5 38. g5 Kc7 39. h4 Kd6 40. b4 cxb3 41. cxb3 Ke6 $15 42. Kd2 Kf5 43. Rd3 Kg4 44. Bf2 Kxf4 45. gxf6 gxf6 46. Be3+ Kg4 47. Rd4+ Be4 48. Bf2 Kf3 49. Be1 f5 50. b4 f4 51. Rd6 Bd5 52. Rf6 Re2+ 0-1

[Event "Romanian Women Championship 2024"]
[Site "Eforie Nord"]
[Date "2024.02.26"]
[Round "3.10"]
[White "Vorniceanu, Alina"]
[Black "Puia, Alexia-Teodora"]
[Result "1-0"]
[ECO "D02"]
[WhiteElo "1476"]
[BlackElo "1751"]
[Annotator "NA RC"]
[PlyCount "49"]
[EventDate "2024.02.24"]
[EventType "swiss"]
[EventCountry "ROU"]
[SourceTitle "playchess.com"]
[Source "ChessBase"]
[SourceQuality "1"]
[TimeControl "40/5400+30:900+30"]

1. d4 Nf6 2. Bf4 d5 3. e3 c5 4. c3 Nc6 5. Nf3 Qb6 6. Qc2 Bf5 7. dxc5 Bxc2 8. cxb6 Bxb1 9. Rxb1 axb6 10. Bb5 Nd7 11. a4 f6 12. Nd4 Nxd4 13. cxd4 e6 14. Rc1 g5 15. Rc7 Rd8 16. Bg3 h5 17. h3 h4 18. Bh2 Rh7 19. Ke2 f5 20. Be5 Bh6 21. Rhc1 g4 22. Rxb7 Rf7 23. Rcc7 Bg7 24. Rxd7 Rdxd7 25. Rxd7 1-0

[Event "Romanian Women Championship 2024"]
[Site "Eforie Nord"]
[Date "2024.02.26"]
[Round "3.11"]
[White "Schiopu, Oana-Magdalena"]
[Black "Kiss, Abigel"]
[Result "1-0"]
[ECO "B23"]
[WhiteElo "1750"]
[BlackElo "1300"]
[Annotator "NA RC"]
[PlyCount "53"]
[EventDate "2024.02.24"]
[EventType "swiss"]
[EventCountry "ROU"]
[SourceTitle "playchess.com"]
[Source "ChessBase"]
[SourceQuality "1"]
[TimeControl "40/5400+30:900+30"]

1. e4 c5 2. Nc3 Nc6 3. Bb5 Nd4 4. Bc4 e6 5. Nge2 a6 6. a4 Rb8 7. d3 Ne7 8. Be3 Nec6 9. O-O g6 10. f4 d6 11. Nb1 Nxe2+ 12. Qxe2 Bg7 13. c3 O-O 14. Nd2 Bd7 15. e5 d5 16. Bxc5 dxc4 17. Bxf8 cxd3 18. Qxd3 Bxf8 19. Ne4 Be8 20. Nf6+ Kg7 21. Qh3 h6 22. b4 Qb6+ 23. Kh1 Ne7 24. Rf3 Bc6 25. Qxh6+ Kxh6 26. Rh3+ Kg7 27. Rh7# 1-0

[Event "Romanian Women Championship 2024"]
[Site "Eforie Nord"]
[Date "2024.02.26"]
[Round "4.1"]
[White "Ciolacu, Alessia-Mihaela"]
[Black "Sandu, Mihaela"]
[Result "1-0"]
[ECO "E48"]
[WhiteElo "2175"]
[BlackElo "2265"]
[Annotator "TA"]
[PlyCount "121"]
[EventDate "2024.02.24"]
[EventType "swiss"]
[EventCountry "ROU"]
[SourceTitle "playchess.com"]
[Source "ChessBase"]
[SourceQuality "1"]
[TimeControl "40/5400+30:900+30"]

1. d4 Nf6 2. c4 e6 3. Nc3 Bb4 4. e3 O-O 5. Bd3 d5 6. Nge2 dxc4 7. Bxc4 c5 8. O-O Qc7 9. Bd3 Nbd7 10. a3 Bxc3 {[%emt 0:02:20] Weiß hat minimalen Vorteil.} 11. bxc3 e5 12. Bb2 e4 13. Bc2 Nb6 14. Ng3 Re8 15. Bb3 {[%emt 0:14:20] Gegen Nc4 gerichtet.} Be6 {[%emt 0:05:08] Wehrt c4 ab} 16. d5 c4 (16... Nbxd5 $6 17. c4 Ne7 18. Bxf6 gxf6 19. Nxe4 $14) ({Günstiger ist} 16... Bg4 $17 17. Qe1 c4 (17... Nfxd5 18. c4 $14)) 17. dxe6 $11 cxb3 (17... Rad8 $11 18. Qc2 (18. exf7+ Qxf7 19. Bxc4 Nxc4 $17) 18... cxb3 19. Qxb3 Rxe6 (19... fxe6 20. c4 $11)) 18. exf7+ $1 $14 Qxf7 {[%emt 0:00:04] [#] Zielt auf ...Rad8 ab.} 19. c4 $1 Nxc4 (19... Qxc4 20. Bxf6) 20. Bxf6 gxf6 21. Nf5 {[%emt 0:01:45] Schwarz muss nun Nh6+ beachten.} Kh8 22. Qxb3 Re5 23. Nh6 ({Vorzuziehen ist} 23. Ng3 $16) 23... Qg7 (23... Qc7 $1 $11 24. Rfc1 Rc5) 24. Qxc4 $16 Qxh6 25. Rfd1 Rg8 (25... Qf8 $142 26. Qc7 Qc8) 26. Rd7 $2 (26. g3 $16) 26... Qh4 $2 (26... Rh5 $1 $11 {und Schwarz muss sich keine Sorgen machen.} 27. Qxe4 Rxh2) 27. g3 $1 $18 {[%emt 0:06:30][%cal Oc4g8] Droht stark Qxg8+!} ({Weniger gut wäre} 27. Rxb7 Rh5 28. Qc7 (28. Rxa7 Rxg2+ 29. Kxg2 Qh3+ 30. Kg1 Rg5+ 31. Kh1 Qg2#) 28... Qh3 $14) 27... Qh5 28. Rxb7 $40 {[%emt 0:00:56][%mdl 128] Weiss will per K.O. gewinnen.} Rd8 29. Rxa7 Qf3 $2 {[%emt 0:00:44] [#]} (29... Qg4 30. Rf1 Rh5) 30. Rxh7+ $3 Kxh7 31. Qc7+ Kg6 32. Qxd8 {[%emt 0:00:02][%mdl 4096] Endspiel. KQR-KQR} Rh5 33. Qg8+ Kh6 34. Qf8+ Kg6 35. Qg8+ Kh6 36. h4 Rf5 37. Qh8+ Kg6 38. Qg8+ Kh6 39. Qh8+ Kg6 40. Rf1 {[%emt 0:00:00] Weiss will mit Qg8+ Matt setzen.} Ra5 41. Qe8+ Kh6 42. Qf7 Rh5 43. Rc1 (43. Qf8+ $142 Kg6 44. Qg8+ Kh6 45. g4 Ra5 46. h5 Qxg4+ 47. Qxg4 Rxh5 48. Qf4+ (48. Qxe4 Rg5+ 49. Kh2 Re5) 48... Rg5+ 49. Kh1) 43... Rf5 44. Rf1 Rh5 45. Qd7 (45. Qf8+ $142 Kg6 46. Qg8+ Kh6 47. g4 f5 48. Qh8+ (48. gxh5 Qxh5 49. Qg5+ Qxg5+ 50. hxg5+ Kh5 51. a4 f4 52. a5 Kg4) 48... Kg6 49. Qxh5+ Kf6 50. Qh6+ Ke7 51. Rc1) 45... Ra5 46. a4 {[%emt 0:00:15] Und Qd8 würde nun gewinnen.} Ra8 47. Rc1 Rb8 48. Qc7 Rb2 49. Qf4+ Qxf4 50. exf4 {[%emt 0:00:11][%cal Be3f4,Bf4f5,Bf5f6,Bf6f7][%mdl 32] KR-KR} Ra2 51. Rc4 f5 {[%emt 0:00:15][%cal Bf6f5,Bf5g4][%mdl 32] [#]} 52. g4 $1 fxg4 53. Rxe4 Kh5 54. f5 {[%emt 0:00:29] Weiss droht Rf4 und Matt.} Kxh4 55. f6 {[%emt 0:00:17] Weiß setzt Matt.} Ra3 56. f7 Rf3 57. Re7 Kg5 58. a5 Kg6 59. a6 Kg7 60. a7 Ra3 61. Re8 {[%emt 0:00:09] Gewichteter Fehlerwert: Weiß=0.48/Schwarz=0.61.  Verlustzug:     	---       	Schwarz=2     Fehler:       	Weiß=3     	Schwarz=5     Ungenau:       	Weiß=1     	Schwarz=3     OK:         	Weiß=7     	Schwarz=5     Bester:       	Weiß=3     	Schwarz=1     Stark:        	Weiß=2     	---        Brilliant:      	Weiß=1     	---} 1-0

[Event "Romanian Women Championship 2024"]
[Site "Eforie Nord"]
[Date "2024.02.26"]
[Round "4.2"]
[White "Cosma, Elena-Luminita"]
[Black "Cosman, Andreea-Marioara"]
[Result "1/2-1/2"]
[ECO "A49"]
[WhiteElo "2236"]
[BlackElo "2108"]
[Annotator "TA"]
[PlyCount "30"]
[EventDate "2024.02.24"]
[EventType "swiss"]
[EventCountry "ROU"]
[SourceTitle "playchess.com"]
[Source "ChessBase"]
[SourceQuality "1"]
[TimeControl "40/5400+30:900+30"]

1. d4 Nf6 2. Nf3 g6 3. g3 Bg7 4. Bg2 O-O 5. O-O d6 6. a4 Na6 7. Nc3 d5 8. Bf4 Bf5 9. h3 c5 10. dxc5 Nxc5 11. g4 Be4 12. Be5 Ncd7 13. Bh2 Nc5 14. Be5 Ncd7 15. Bh2 Nc5 {[%emt 0:00:06] Weighted Error Value: White=0.08 (flawless) /Black=0.10 (very precise) .  Inaccurate:     	White=1     	---        OK:         	White=4     	Black=2} 1/2-1/2

[Event "Romanian Women Championship 2024"]
[Site "Eforie Nord"]
[Date "2024.02.26"]
[Round "4.3"]
[White "Trifoi, Mihaela-Ioana"]
[Black "Lehaci, Miruna-Daria"]
[Result "0-1"]
[ECO "C02"]
[WhiteElo "2003"]
[BlackElo "2227"]
[Annotator "RC"]
[PlyCount "26"]
[EventDate "2024.02.24"]
[EventType "swiss"]
[EventCountry "ROU"]
[SourceTitle "playchess.com"]
[Source "ChessBase"]
[SourceQuality "1"]
[TimeControl "40/5400+30:900+30"]

1. e4 e6 2. d4 d5 3. e5 c5 4. c3 Nc6 5. Nf3 Qb6 6. a3 f6 7. Bd3 fxe5 8. Nxe5 Nf6 9. O-O Be7 10. Bg5 cxd4 11. Bxf6 Bxf6 12. Qh5+ g6 13. Bxg6+ Ke7 0-1

[Event "Romanian Women Championship 2024"]
[Site "Eforie Nord"]
[Date "2024.02.26"]
[Round "4.4"]
[White "Obada, Ema"]
[Black "Stanciu, Andreea-Briana"]
[Result "1/2-1/2"]
[ECO "B13"]
[WhiteElo "1969"]
[BlackElo "1960"]
[Annotator "NA RC"]
[PlyCount "46"]
[EventDate "2024.02.24"]
[EventType "swiss"]
[EventCountry "ROU"]
[SourceTitle "playchess.com"]
[Source "ChessBase"]
[SourceQuality "1"]
[TimeControl "40/5400+30:900+30"]

1. e4 c6 2. d4 d5 3. exd5 cxd5 4. Bd3 Nc6 5. c3 Qc7 6. Na3 a6 7. Nc2 Nf6 8. h3 e5 9. dxe5 Nxe5 10. Nf3 Nxd3+ 11. Qxd3 Be6 12. O-O Bd6 13. Re1 O-O 14. Be3 Ne4 15. Ncd4 h6 16. Nd2 Nc5 17. Qc2 Rfe8 18. Nf5 Bf8 19. Bd4 Nd7 20. Re3 Bxf5 21. Qxf5 Rxe3 22. Bxe3 Qc6 23. Nf3 g6 1/2-1/2

[Event "Romanian Women Championship 2024"]
[Site "Eforie Nord"]
[Date "2024.02.26"]
[Round "4.5"]
[White "Peptan, Corina-Isabela"]
[Black "Hoanca, Alexia-Ioana"]
[Result "1-0"]
[ECO "E14"]
[WhiteElo "2314"]
[BlackElo "1748"]
[Annotator "TA"]
[PlyCount "117"]
[EventDate "2024.02.24"]
[EventType "swiss"]
[EventCountry "ROU"]
[SourceTitle "playchess.com"]
[Source "ChessBase"]
[SourceQuality "1"]
[TimeControl "40/5400+30:900+30"]

1. c4 e6 2. Nf3 d5 3. e3 Nf6 4. Nc3 Bd6 5. d4 O-O 6. Bd3 b6 7. cxd5 exd5 8. O-O Bb7 9. b3 a6 10. Bb2 Re8 11. Ne2 {[%emt 0:02:09] Die Stellung ist ausgeglichen.} Nbd7 12. Ng3 g6 13. Re1 Qe7 14. Nd2 Ne4 15. Bxe4 dxe4 16. Nc4 Bb4 17. Re2 b5 18. Ne5 (18. a3 $11 Bd6 19. Nxd6 Qxd6 20. Rc2) 18... Bd5 (18... Nxe5 $15 19. dxe5 Red8) 19. Qc2 Qd6 20. Rc1 (20. a3 $5 Ba5 $8 (20... Nxe5 $2 21. dxe5 Qe7 22. axb4 $18) 21. Rc1 $11 (21. Nxe4 Bxe4 22. Qxe4 f6 $17)) 20... Rac8 (20... f5 $11) 21. a3 Ba5 22. b4 $36 {[%emt 0:00:08][%mdl 2048] Weiss bestimmt, wo es lang geht.} Bb6 23. Nxe4 Bxe4 24. Qxe4 Nxe5 25. dxe5 Qe7 26. Qc6 Red8 27. h3 {[%emt 0:00:33] Weiß steht aktiver.} Rd3 28. Kh2 Rcd8 29. Rec2 h5 (29... Rb3 $16 {kämpft weiter.}) 30. Qe4 $18 Kh7 31. Rc6 {[%emt 0:00:46] [#] Droht Rf6 und aus.} Rd2 32. R1c2 Rxc2 33. Qxc2 {[%emt 0:00:28] Und jetzt Rf6 wäre schön.} ({Finger weg von} 33. Rxc2 $6 Kg8 34. Qf3 Qe6 $18) 33... Qd7 34. Rf6 (34. e6 $142 Qe7 35. Qc3) 34... Re8 35. Qe4 {[%emt 0:01:43] Und Qf3 würde nun gewinnen.} Re6 36. Qf4 Kg8 37. Qf3 (37. Bd4 $18) 37... c6 $16 38. Qe4 Bc7 39. f4 Qd5 40. Qc2 ({Vorzuziehen ist} 40. Qxd5 $16 {Beabsichtigt Qd7 und Matt.} cxd5 41. Rxe6 fxe6 42. Kg3) 40... Rxf6 $11 41. exf6 {[%emt 0:00:54][%mdl 4096] Endspiel. KQB-KQB} Bb6 {[%emt 0:00:42] Verhindert Qc5} (41... g5 $11) 42. e4 $16 Qc4 {[%emt 0:01:05][%mdl 8192] Das Aus für Schwarz.} (42... Qe6 $16) 43. Qxc4 $18 bxc4 {[%emt 0:00:03] KB-KB} 44. Bc3 h4 (44... Kf8 $142 45. g4 hxg4 46. hxg4 g5) 45. g3 Be3 46. Kg2 ({Nicht} 46. gxh4 Bxf4+ 47. Kg2 Bh6 $11) 46... hxg3 47. Kxg3 g5 (47... c5 $142 48. e5 cxb4 49. axb4 (49. Bxb4 Bd4 $18) 49... Bg1) 48. fxg5 Bxg5 49. Kg4 Be3 50. Kf5 c5 51. Ke5 {[%emt 0:01:45] Schwarz muss nun Kd5 beachten.} Kh7 52. Kd5 cxb4 53. axb4 Kg6 54. Kxc4 Kg5 55. Kd5 Bb6 56. Kc6 Bd8 57. e5 {[%emt 0:00:14][%cal Be4e5,Be5e6][%mdl 32] Weiß setzt Matt.} Kf5 58. Kd7 Bb6 {[%emt 0:00:43] [#]} 59. e6 $1 {[%emt 0:00:10] Gewichteter Fehlerwert: Weiß=0.27 (präzise) /Schwarz=0.64.  Verlustzug:     	---       	Schwarz=1     Fehler:       	Weiß=4     	Schwarz=6     Ungenau:       	Weiß=1     	Schwarz=2     OK:         	Weiß=11    	Schwarz=8     Bester:       	Weiß=2     	Schwarz=4} 1-0

[Event "Romanian Women Championship 2024"]
[Site "Eforie Nord"]
[Date "2024.02.26"]
[Round "4.6"]
[White "Schiopu, Oana-Magdalena"]
[Black "Sava, Ana-Maria"]
[Result "1-0"]
[ECO "B03"]
[WhiteElo "1750"]
[BlackElo "1916"]
[Annotator "NA RC"]
[PlyCount "61"]
[EventDate "2024.02.24"]
[EventType "swiss"]
[EventCountry "ROU"]
[SourceTitle "playchess.com"]
[Source "ChessBase"]
[SourceQuality "1"]
[TimeControl "40/5400+30:900+30"]

1. e4 Nf6 2. e5 Nd5 3. Nf3 d6 4. exd6 cxd6 5. d4 g6 6. Bc4 Nf6 7. O-O Bg7 8. Nc3 O-O 9. h3 a6 10. Re1 b5 11. Bb3 Bb7 12. Bg5 Nbd7 13. Qe2 b4 14. Nd1 Ne4 15. d5 Ndc5 16. Bc4 Bc8 17. Rb1 h6 18. Be3 Ra7 19. Nd4 Bb7 20. c3 bxc3 21. Nxc3 Nxc3 22. bxc3 Qa8 23. Red1 f5 24. Ne6 Nxe6 25. Bxa7 Nf4 26. Qxe7 Rf7 27. Qxd6 Qxa7 28. Qxf4 g5 29. Qe3 Qxe3 30. fxe3 Rd7 31. d6+ 1-0

[Event "Romanian Women Championship 2024"]
[Site "Eforie Nord"]
[Date "2024.02.26"]
[Round "4.7"]
[White "Ardelean, Lorela-Daniela"]
[Black "Vorniceanu, Alina"]
[Result "0-1"]
[ECO "B07"]
[WhiteElo "1802"]
[BlackElo "1476"]
[Annotator "NA RC"]
[PlyCount "96"]
[EventDate "2024.02.24"]
[EventType "swiss"]
[EventCountry "ROU"]
[SourceTitle "playchess.com"]
[Source "ChessBase"]
[SourceQuality "1"]
[TimeControl "40/5400+30:900+30"]

1. e4 d6 2. d4 Nf6 3. Nc3 g6 4. f3 Bg7 5. Be3 O-O 6. Qd2 Nc6 7. O-O-O e5 8. d5 Nd4 9. Nge2 Nxe2+ 10. Nxe2 Ne8 11. Bh6 f5 12. g3 fxe4 13. fxe4 Bxh6 14. Qxh6 Nf6 15. Qh4 Ng4 16. Qxd8 Rxd8 17. Re1 Nf2 18. Rg1 Nxe4 19. g4 Nf6 20. Nc3 Bxg4 21. Bd3 Bh5 22. h4 a6 23. Rg5 Rf8 24. Reg1 Kf7 25. Bf1 Bf3 26. Bc4 Ke7 27. R1g3 Bh5 28. Rg1 Nd7 29. Bd3 Nc5 30. Rxh5 Nxd3+ 31. cxd3 gxh5 32. Rg5 h6 33. Rxh5 Rh8 34. Ne4 Rag8 35. Kd2 c6 36. dxc6 bxc6 37. d4 exd4 38. Kd3 Rg4 39. b4 Rf8 40. Nd2 Rf6 41. a4 d5 42. b5 axb5 43. axb5 Re6 44. bxc6 Re3+ 45. Kc2 Rc3+ 46. Kd1 Rg1+ 47. Ke2 Rg2+ 48. Kd1 Rd3 0-1

[Event "Romanian Women Championship 2024"]
[Site "Eforie Nord"]
[Date "2024.02.26"]
[Round "4.8"]
[White "Bira, Andrada-Paraschiva"]
[Black "Sunea, Sara Maria"]
[Result "1/2-1/2"]
[ECO "D34"]
[WhiteElo "1590"]
[BlackElo "1561"]
[Annotator "NA RC"]
[PlyCount "88"]
[EventDate "2024.02.24"]
[EventType "swiss"]
[EventCountry "ROU"]
[SourceTitle "playchess.com"]
[Source "ChessBase"]
[SourceQuality "1"]
[TimeControl "40/5400+30:900+30"]

1. d4 d5 2. Nf3 e6 3. g3 Nf6 4. Bg2 c5 5. O-O Nc6 6. b3 Be7 7. Bb2 O-O 8. c4 Bd7 9. cxd5 exd5 10. Nc3 Be6 11. dxc5 Bxc5 12. Rc1 Qe7 13. Nb5 Ne4 14. Nbd4 Rac8 15. Nxc6 bxc6 16. Nd4 Rfd8 17. Qd3 Bxd4 18. Qxd4 Nf6 19. e3 Bf5 20. Rfe1 a5 21. Qa4 Qb4 22. Bc3 Qxa4 23. bxa4 Rd7 24. Bf1 Ne4 25. Bd4 c5 26. Ba6 Rcc7 27. Bb2 Re7 28. Red1 Be6 29. h4 f6 30. Ba3 Re8 31. Bd3 c4 32. Bxe4 dxe4 33. Rc3 Rb7 34. Kg2 Kf7 35. Rd4 Kg6 36. Rd6 Rb1 37. Rc2 Rbb8 38. Bc5 Rbd8 39. Rxd8 Rxd8 40. Bb6 Ra8 41. Bd4 Rb8 42. Bc3 Bg4 43. Rb2 Rd8 44. Rd2 Rb8 1/2-1/2

[Event "Romanian Women Championship 2024"]
[Site "Eforie Nord"]
[Date "2024.02.26"]
[Round "4.9"]
[White "Pirvulescu, Ekaterina"]
[Black "Batagan, Ilinca-Petra"]
[Result "1/2-1/2"]
[ECO "C72"]
[WhiteElo "2091"]
[BlackElo "1859"]
[Annotator "RC"]
[PlyCount "73"]
[EventDate "2024.02.24"]
[EventType "swiss"]
[EventCountry "ROU"]
[SourceTitle "playchess.com"]
[Source "ChessBase"]
[SourceQuality "1"]
[TimeControl "40/5400+30:900+30"]

1. e4 e5 2. Nf3 Nc6 3. Bb5 a6 4. Ba4 d6 5. O-O Bd7 6. c4 Nf6 7. Nc3 Be7 8. d3 O-O 9. h3 h6 10. Ne2 Be6 11. Bc2 Nb4 12. a3 Nxc2 13. Qxc2 b5 14. cxb5 axb5 15. d4 exd4 16. Nexd4 Bd7 17. Nc6 Bxc6 18. Qxc6 Qd7 19. Nd4 Qxc6 20. Nxc6 Rfe8 21. f3 Ra6 22. Nb4 Raa8 23. Nc6 Ra6 24. Nxe7+ Rxe7 25. Bd2 Nd7 26. Bc3 Nc5 27. Rfd1 Na4 28. Rac1 Rc6 29. Bd4 Rxc1 30. Rxc1 c5 31. Bc3 Nxc3 32. Rxc3 Rd7 33. Rd3 Kf8 34. Kf2 Ke7 35. f4 Ke6 36. Rd5 f6 37. Kf3 1/2-1/2

[Event "Romanian Women Championship 2024"]
[Site "Eforie Nord"]
[Date "2024.02.26"]
[Round "4.10"]
[White "Kiss, Hanna"]
[Black "Iordache, Alexia-Andreea"]
[Result "0-1"]
[ECO "B91"]
[WhiteElo "1446"]
[BlackElo "1769"]
[Annotator "NA RC"]
[PlyCount "118"]
[EventDate "2024.02.24"]
[EventType "swiss"]
[EventCountry "ROU"]
[SourceTitle "playchess.com"]
[Source "ChessBase"]
[SourceQuality "1"]
[TimeControl "40/5400+30:900+30"]

1. e4 c5 2. Nf3 d6 3. d4 cxd4 4. Nxd4 Nf6 5. Nc3 a6 6. g3 e5 7. Nde2 Be7 8. Bg2 O-O 9. O-O b5 10. Nd5 Nbd7 11. Nec3 Bb7 12. Be3 Rc8 13. Rc1 Nxd5 14. Nxd5 Bxd5 15. Qxd5 Qc7 16. Rfd1 Nb6 17. Bxb6 Qxb6 18. h4 Rc5 19. Qb3 Rc4 20. Qf3 Rfc8 21. c3 Qc6 22. Re1 Rc5 23. Re3 a5 24. b3 g6 25. a3 b4 26. a4 Rxc3 27. Rexc3 bxc3 28. Bf1 f5 29. Bc4+ Kh8 30. Bd5 Qd7 31. Rxc3 Rf8 32. Qg2 f4 33. Rf3 Qc7 34. Qf1 Qc8 35. Qg2 Qc1+ 36. Qf1 Qc8 37. Qg2 Qc5 38. Kh2 Qc1 39. Rd3 Qc2 40. Rf3 Qe2 41. Kh3 Kg7 42. g4 Rc8 43. g5 Qd1 44. Bc4 Qe1 45. Rd3 Rh8 46. Qf3 h6 47. Rd1 Qb4 48. Kg2 hxg5 49. hxg5 Rh5 50. Rh1 Rxg5+ 51. Kf1 Qd2 52. Qe2 Qd4 53. Rh3 Qa1+ 54. Qe1 Rg1+ 55. Kxg1 Qxe1+ 56. Kg2 g5 57. Rh1 f3+ 58. Kh2 Qxf2+ 59. Kh3 Qg2# 0-1

[Event "Romanian Women Championship 2024"]
[Site "Eforie Nord"]
[Date "2024.02.26"]
[Round "4.11"]
[White "Maria, Lia-Alexandra"]
[Black "Petculescu, Diana-Silvana"]
[Result "1-0"]
[ECO "A18"]
[WhiteElo "1937"]
[BlackElo "1556"]
[Annotator "NA RC"]
[PlyCount "71"]
[EventDate "2024.02.24"]
[EventType "swiss"]
[EventCountry "ROU"]
[SourceTitle "playchess.com"]
[Source "ChessBase"]
[SourceQuality "1"]
[TimeControl "40/5400+30:900+30"]

1. c4 Nf6 2. Nc3 e6 3. e4 d5 4. cxd5 exd5 5. e5 Nfd7 6. d4 Nb6 7. Bd3 Nc6 8. Nge2 Be6 9. a3 Qd7 10. O-O Be7 11. Be3 h5 12. Nf4 g6 13. Kh1 O-O-O 14. Nxe6 Qxe6 15. Qc2 Kb8 16. Rac1 h4 17. f4 f5 18. b4 Rc8 19. Nb1 Qd7 20. Nd2 a5 21. b5 Na7 22. Qb2 a4 23. Nb1 c6 24. bxc6 Rxc6 25. Rxc6 Qxc6 26. Rc1 Nc4 27. Bxc4 dxc4 28. Nc3 h3 29. d5 hxg2+ 30. Qxg2 Qe8 31. Rb1 Bd8 32. Rb4 Rh4 33. Rxa4 Nb5 34. Rxc4 Nxa3 35. Ra4 Nb5 36. Qa2 1-0

[Event "Romanian Women Championship 2024"]
[Site "Eforie Nord"]
[Date "2024.02.26"]
[Round "4.12"]
[White "Badica, Ariana"]
[Black "Paraschiv, Petronela-Alexandra"]
[Result "0-1"]
[ECO "B12"]
[WhiteElo "1494"]
[BlackElo "1875"]
[Annotator "NA RC"]
[PlyCount "86"]
[EventDate "2024.02.24"]
[EventType "swiss"]
[EventCountry "ROU"]
[SourceTitle "playchess.com"]
[Source "ChessBase"]
[SourceQuality "1"]
[TimeControl "40/5400+30:900+30"]

1. e4 c6 2. d4 d5 3. e5 Bf5 4. Nf3 e6 5. Be2 Ne7 6. O-O Ng6 7. b3 Nd7 8. c4 f6 9. exf6 Nxf6 10. Re1 Bb4 11. Bd2 Bxd2 12. Nbxd2 O-O 13. c5 Qc7 14. b4 Rae8 15. Ne5 Nxe5 16. dxe5 Ne4 17. Nf3 Bg4 18. Qd4 Qf7 19. h3 Bh5 20. a4 Qf4 21. b5 Bxf3 22. Bxf3 Nd2 23. Qxf4 Rxf4 24. Ra3 Nxf3+ 25. gxf3 Rc4 26. bxc6 bxc6 27. Rb1 Re7 28. a5 Rxc5 29. a6 Kf7 30. Rb7 Rxb7 31. axb7 Rb5 32. Rxa7 Kg6 33. Kg2 Kf5 34. b8=Q Rxb8 35. Rxg7 Kxe5 36. Rxh7 Rg8+ 37. Kf1 c5 38. Ke2 c4 39. Rh5+ Kd4 40. Rh4+ Kc3 41. Ke3 e5 42. Rh5 Re8 43. f4 d4+ 0-1

[Event "Romanian Women Championship 2024"]
[Site "Eforie Nord"]
[Date "2024.02.27"]
[Round "5.1"]
[White "Lehaci, Miruna-Daria"]
[Black "Ciolacu, Alessia-Mihaela"]
[Result "1-0"]
[ECO "D02"]
[WhiteElo "2227"]
[BlackElo "2175"]
[Annotator "TA"]
[PlyCount "75"]
[EventDate "2024.02.24"]
[EventType "swiss"]
[EventCountry "ROU"]
[SourceTitle "playchess.com"]
[Source "ChessBase"]
[SourceQuality "1"]
[TimeControl "40/5400+30:900+30"]

1. d4 Nf6 2. Bf4 e6 3. e3 d5 4. Nf3 Bd6 5. Ne5 O-O 6. Nd2 c5 7. c3 c4 8. Be2 Qc7 9. Bg3 {[%emt 0:07:35] The position is equal.} Nc6 10. Nef3 b5 11. a4 {[%emt 0:04:36] Black must now prevent Bxd6.} b4 12. Bxd6 Qxd6 13. e4 {[%emt 0:01:19] Threatens to win with e5.} Qc7 (13... bxc3 $17 14. bxc3 dxe4 (14... Nxe4 15. Nxe4 dxe4 16. Nd2 $11) 15. Nxc4 Qc7) 14. e5 Nd7 15. Rc1 Qa5 16. O-O bxc3 17. bxc3 Nb6 18. Qe1 Bd7 (18... Nxa4 19. Ra1 $14) 19. Bd1 Ne7 (19... Nxa4 $6 20. Ra1 $16) 20. Bc2 Bxa4 (20... Nxa4 $6 21. Ra1 $16) 21. Bb1 Bd7 22. Qe2 {[%emt 0:04:06][%cal Ob1h7] Bxh7+! is the strong threat.} (22. Ng5 $5 h6 23. Nh7 $11) 22... Ng6 23. Ng5 {[%emt 0:03:14][%cal Og5h7] Strongly threatening Nxh7!} h6 24. Nxe6 Bxe6 $17 25. f4 {[%emt 0:00:03] [#]} Na4 $1 (25... f5 $6 26. exf6 Rxf6 27. f5 $11) 26. Qe3 Ne7 ({Black should play} 26... Bd7 $17 {Hoping for ...f5.} 27. f5 Nxe5 28. dxe5 Qc5) 27. f5 $15 {[%emt 0:00:25] [#]} Bxf5 $1 28. Bxf5 Nxf5 29. Rxf5 Rae8 30. Qf3 Re6 31. Nf1 Nb6 (31... g6 $11 32. Qg3 Kh7) 32. Ng3 {[%emt 0:00:22][%mdl 1024] White has compensation.} Qa3 33. Rf1 f6 {[%emt 0:00:07][%mdl 8192] Loses the game.} (33... Qe7 $14) 34. Nh5 $18 Kh7 $2 (34... Qe7 35. exf6 gxf6) 35. Nf4 $2 (35. exf6 g6 36. Re5 (36. Ng7 Rd6 $18) 36... Rxe5 37. dxe5) 35... Ree8 $2 (35... Rc6 36. Nxd5 (36. Nh5 a6 $18) 36... Nxd5) 36. exf6 {[%emt 0:00:19] White is clearly winning.} ({Worse is} 36. Nxd5 Nxd5 37. Qxd5 fxe5 38. Rxf8 Rxf8 39. Rxf8 (39. Qxe5 Rxf1+ 40. Kxf1 Qc1+ 41. Kf2 Qc2+ 42. Qe2 Qxc3 $11) 39... Qxf8 $11) 36... gxf6 37. Nh5 ({Not} 37. Nxd5 Nxd5 38. Rxd5 Qe7 $18) 37... Nd7 38. Rxd5 {[%emt 0:00:05] Weighted Error Value: White=0.34/Black=0.63.  Loses game:     	---       	Black=1      Mistake:       	White=2     	Black=5      Inaccurate:     	White=6     	Black=6      OK:         	White=9     	Black=5      Best:        	White=3     	Black=2      Strong:       	---       	Black=1} 1-0